 Dungeon Sprint DCSS version 0.23-b1-67-g8bd44de (webtiles) character file.

Game seed: 10536918235583510398

10213 poirepourri the Severer (level 11, -17/110 HPs)
             Began as a Minotaur Fighter on Feb 5, 2019.
             Was a High Priest of Makhleb.
             Demolished by a bone dragon (20 damage)
             ... in the Dungeon (Sprint II: "The Violet Keep of Menkaure").
             The game lasted 00:12:47 (2069 turns).

poirepourri the Severer (Minotaur Fighter)          Turns: 2069, Time: 00:12:47

Health: -17/110    AC: 10    Str: 20    XL:     11   Next: 33%
Magic:  10/10      EV: 19    Int:  5    God:    Makhleb [*****.]
Gold:   84         SH: 15    Dex: 12    Spells: 10/10 levels left

rFire    + + .     SeeInvis .   a - +2 war axe
rCold    + + +     Gourm    .   c - +0 shield
rNeg     . . .     Faith    .   d - +2 scale mail {rC+}
rPois    +         Spirit   .   (helmet restricted)
rElec    +         Reflect  .   w - scarf {rC+ rF+}
rCorr    +         Harm     .   k - +0 pair of gloves (curse)
MR       +....     Rnd*Rage +   (no boots) Stlth ..........NoTele +
                                e - amulet of regeneration
HPRegen  0.68/turn              x - ring of protection from magic
MPRegen  0.12/turn              m - +3 ring of evasion

@: resistant
A: retaliatory headbutt, horns 2, berserk 1, blurry vision 1, weak 1
a: Minor Destruction, Lesser Servant of Makhleb, Major Destruction, Greater
Servant of Makhleb, Renounce Religion


You were in the Dungeon.
You worshipped Makhleb.
Makhleb was extremely pleased with you.
You were hungry.

You visited 1 branch You collected 1703 gold pieces.
You spent 1619 gold pieces at shops.

Inventory:

Hand Weapons
 a - a +2 war axe (weapon)
Missiles
 u - 4 javelins (quivered)
 y - 53 bolts
Armour
 c - a +0 shield (worn)
 d - a +2 scale mail of cold resistance (worn)
 k - a cursed +0 pair of gloves (worn)
 w - a scarf of resistance (worn)
Jewellery
 e - an amulet of regeneration (around neck)
 m - a +3 ring of evasion (right hand)
 x - a ring of protection from magic (left hand)
Scrolls
 n - 2 scrolls of fear
 q - a scroll of amnesia
Potions
 h - 2 potions of haste
 i - 5 potions of magic
 l - 2 potions of curing
 o - a potion of brilliance
 p - 2 potions of resistance
 r - 5 potions of flight
Comestibles
 f - 2 rations


   Skills:
 - Level 14.3 Fighting
 - Level 18.4 Axes
 + Level 3.6 Armour
 - Level 12.5 Dodging
 - Level 18.0 Shields


You had 10 spell levels left.
You didn't know any spells.
Your spell library was empty.

Dungeon Overview and Level Annotations

Branches:
Dungeon (1/1)

Altars:
Cheibriados
Dithmenos
Elyvilon
Fedhas
Gozag
Hepliaklqana
Kikubaaqudgha
Makhleb
Nemelex Xobeh
Okawaru
Qazlal
Ru
Sif Muna
Trog
Uskayaw
Vehumet
Wu Jian
Xom
Yredelemnul
Zin
The Shining One
Beogh
Jiyva
Lugonu

Shops:
D ::[=!([([%!}?=[(

Annotations:
D exclusion: oklob plant


Innate Abilities, Weirdness & Mutations

You reflexively headbutt those who attack you in melee.
You have a pair of horns on your head.
You tend to lose your temper in combat.
Scrolls take you a little longer to read.
You are weak. (Str -2)


Message History

The golden dragon is heavily wounded.
You block the golden dragon's attack. x2; The golden dragon tramples you.
* * * LOW HITPOINT WARNING * * *
You hold your ground!
You hit the golden dragon.
The golden dragon is heavily wounded.
You hit the bone dragon but do no damage.
You hit the bone dragon.
The bone dragon is lightly damaged.
You hit the bone dragon but do no damage.
The bone dragon is lightly damaged.
You block the bone dragon's attack. The bone dragon claws you.
* * * LOW HITPOINT WARNING * * *
The bone dragon tramples you.
* * * LOW HITPOINT WARNING * * *
You hold your ground!
You hit the bone dragon but do no damage.
The bone dragon is lightly damaged.
The bone dragon bites you!!
You die...

##....∩.⌠..≈##.###'###.##..#
##...∩.∩...≈.......##...#..#
##..∩.∩...)≈'..)'.<.'.##)..##
##.∩.∩.....≈#........##.#....
#▓▓▓▓▓▓▓##.≈.#.##.De##.##....
##)Za######≈D.###..D.###≈≈...
#/aa#h$ ##De≈#.#....≈≈≈§≈≈≈
#∩PZ+$.# #D#≈.#.D..#≈≈≈≈§§≈
#%..#!##;##@#≈≈2#'##§≈≈≈≈§§≈
#$.$###;≈≈####≈≈≈≈≈°°≈≈≈≈§≈≈
##+###§≈≈§ #+++.+++#≈≈≈≈§≈
°°S≈° ##≈≈≈## §≈○°☼S≈○≈##§§#
+§§○≈≈≈°°☼≈≈+≈≈#
##°§≈≈°°°≈≈##≈≈≈§ ##°°≈≈≈≈≈##
### ####+#### z§


You could see a bone dragon, a golden dragon, a storm dragon and a deep elf high
priest.

Vanquished Creatures
  2 sphinxes (D)
  Kirke (D)
  A fire dragon (D)
  A yaktaur captain (D)
  A centaur warrior (D)
  A skeletal warrior (D)
  2 deep trolls (D)
  An elephant (D)
  A merfolk siren (D)
  A yaktaur (D)
  A hornet (D)
  3 polar bears (D)
  2 hippogriffs (D)
  4 neqoxecs (D)
  3 crocodiles (D)
  A hell rat (D)
  3 worms (D)
  A tentacle (D)
30 creatures vanquished.

Vanquished Creatures (others)
  A kobold demonologist (D)
  Menkaure (D)
  2 crocodiles (D)
  11 tentacles (D)
15 creatures vanquished.

Grand Total: 45 creatures vanquished

Notes
Turn   | Place    | Note
-------+----------+-------------------------------------------
     0 | D        | poirepourri the Minotaur Fighter began the quest for the
                  | Orb.
     0 | D        | Reached XP level 1. HP: 19/19 MP: 0/0
     6 | D        | Reached skill level 5 in Axes
    54 | D        | Killed a crocodile
   136 | D        | Noticed a neqoxec
   136 | D        | Noticed a neqoxec
   138 | D        | Noticed a crimson imp
   139 | D        | Killed Menkaure
   141 | D        | Gained mutation: Scrolls take you a little longer to read.
                  | [a neqoxec]
   141 | D        | Gained mutation: You tend to lose your temper in combat. [a
                  | neqoxec]
   144 | D        | Killed a neqoxec
   144 | D        | Reached XP level 2. HP: 13/26 MP: 1/1
   144 | D        | Reached XP level 3. HP: 15/31 MP: 2/2
   144 | D        | Reached XP level 4. HP: 20/39 MP: 3/3
   145 | D        | Noticed a neqoxec
   147 | D        | Gained mutation: You are agile. (Dex +2) [a neqoxec]
   151 | D        | Killed a neqoxec
   151 | D        | Reached XP level 5. HP: 34/45 MP: 4/4
   151 | D        | Reached XP level 6. HP: 39/51 MP: 5/5
   155 | D        | Killed a neqoxec
   155 | D        | Reached skill level 15 in Axes
   158 | D        | Noticed a neqoxec
   159 | D        | Noticed an obsidian statue
   175 | D        | Killed a neqoxec
   175 | D        | Reached XP level 7. HP: 57/57 MP: 6/6
   254 | D        | Noticed a merfolk siren
   260 | D        | Killed a merfolk siren
   267 | D        | Noticed a hippogriff
   267 | D        | Noticed a hippogriff
   273 | D        | Killed a hippogriff
   273 | D        | Reached XP level 8. HP: 46/71 MP: 7/7
   284 | D        | Killed a hippogriff
   545 | D        | Found Nuicriot's Magic Scroll Boutique.
   545 | D        | Found Kumm's Armour Boutique.
   545 | D        | Found Vycidoalio's Gadget Shop.
   546 | D        | Found Qacvul's Antique Weapon Shop.
   546 | D        | Found Fatar's Distillery.
   546 | D        | Found Rewemoown's Food Boutique.
   546 | D        | Found Nubri's Antique Armour Shop.
   546 | D        | Found Utzeuc's Antique Weapon Boutique.
   547 | D        | Found Fiyruck's Antique Weapon Boutique.
   547 | D        | Found Inepaloc's Distillery.
   548 | D        | Found Vuty's Jewellery Shop.
   548 | D        | Found Bink's Antique Armour Boutique.
   549 | D        | Found Miytec's Jewellery Boutique.
   549 | D        | Found Raip Oci's Antique Armour Shop.
   549 | D        | Noticed an oklob plant
   550 | D        | Found Aserr's Book Shoppe.
   550 | D        | Found Urocs's Book Boutique.
   556 | D        | Noticed a polar bear
   556 | D        | Noticed a polar bear
   561 | D        | Bought a shiny scale mail for 189 gold pieces
   581 | D        | Bought 2 potions of heal wounds for 140 gold pieces
   603 | D        | Bought an uncursed amulet of regeneration for 330 gold
                  | pieces
   610 | D        | Bought a potion of might for 56 gold pieces
   610 | D        | Bought a potion of heal wounds for 70 gold pieces
   610 | D        | Bought a potion of curing for 42 gold pieces
   610 | D        | Bought a potion of lignification for 42 gold pieces
   624 | D        | Bought a potion of might for 56 gold pieces
   632 | D        | Bought a potion of lignification for 42 gold pieces
   709 | D        | Noticed a flying skull
   712 | D        | Found a glowing golden altar of the Shining One.
   712 | D        | Found an ornate altar of the Wu Jian Council.
   712 | D        | Found a stormy altar of Qazlal.
   713 | D        | Found a shimmering altar of Xom.
   713 | D        | Found a sacrificial altar of Ru.
   713 | D        | Found a hazy altar of Hepliaklqana.
   714 | D        | Found a deep blue altar of Sif Muna.
   714 | D        | Found a basalt altar of Yredelemnul.
   714 | D        | Found a viscous altar of Jiyva.
   714 | D        | Found a roughly hewn altar of Beogh.
   715 | D        | Found a bloodstained altar of Trog.
   715 | D        | Found a glowing silver altar of Zin.
   715 | D        | Found an ancient bone altar of Kikubaaqudgha.
   715 | D        | Found a snail-covered altar of Cheibriados.
   716 | D        | Found a hide-covered altar of Uskayaw.
   716 | D        | Found a corrupted altar of Lugonu.
   716 | D        | Found a shadowy altar of Dithmenos.
   717 | D        | Found a radiant altar of Vehumet.
   717 | D        | Found a burning altar of Makhleb.
   717 | D        | Found a white marble altar of Elyvilon.
   718 | D        | Found a sparkling altar of Nemelex Xobeh.
   718 | D        | Found a blossoming altar of Fedhas.
   719 | D        | Found an iron altar of Okawaru.
   719 | D        | Found an opulent altar of Gozag.
   719 | D        | Noticed a hornet
   719 | D        | Noticed a polar bear
   719 | D        | Noticed a polar bear
   720 | D        | Noticed a yaktaur
   720 | D        | Noticed a polar bear
   726 | D        | Became a worshipper of Makhleb the Destroyer
   759 | D        | Noticed a flying skull
   759 | D        | Noticed a flying skull
   764 | D        | Noticed a flying skull
   767 | D        | Noticed a flying skull
   768 | D        | Noticed a flying skull
   769 | D        | Noticed a flying skull
   769 | D        | Noticed a flying skull
   770 | D        | Noticed a flying skull
   770 | D        | Noticed a flying skull
   771 | D        | Noticed a flying skull
   773 | D        | Noticed a flying skull
   791 | D        | Paralysed by a hornet for 2 turns
   797 | D        | Killed a hornet
   797 | D        | Reached skill level 10 in Fighting
   808 | D        | Killed a polar bear
   814 | D        | Killed a polar bear
   814 | D        | Reached * piety under Makhleb
   817 | D        | Killed a polar bear
   817 | D        | Reached XP level 9. HP: 42/93 MP: 8/8
   821 | D        | Killed a yaktaur
   941 | D        | Noticed a kraken
  1211 | D        | Reached ** piety under Makhleb
  1212 | D        | Reached skill level 5 in Shields
  1304 | D        | Noticed a deep troll
  1304 | D        | Noticed a deep troll
  1316 | D        | Killed a deep troll
  1316 | D        | Reached skill level 10 in Shields
  1320 | D        | Killed a deep troll
  1320 | D        | Reached *** piety under Makhleb
  1426 | D        | Noticed a sphinx
  1426 | D        | Noticed a sphinx
  1438 | D        | Killed a sphinx
  1438 | D        | Reached skill level 15 in Shields
  1438 | D        | Reached XP level 10. HP: 103/103 MP: 9/9
  1439 | D        | Killed a sphinx
  1569 | D        | Noticed an elephant
  1569 | D        | Noticed a centaur warrior
  1569 | D        | Noticed Kirke
  1569 | D        | Noticed a skeletal warrior
  1569 | D        | Noticed a yaktaur captain
  1667 | D        | Noticed a fire dragon
  1694 | D        | Killed a fire dragon
  1694 | D        | Reached **** piety under Makhleb
  1728 | D        | Killed a centaur warrior
  1728 | D        | Reached XP level 11. HP: 77/110 MP: 10/10
  1799 | D        | Killed Kirke
  1855 | D        | Killed a yaktaur captain
  1855 | D        | Reached ***** piety under Makhleb
  1875 | D        | Killed a skeletal warrior
  1885 | D        | Bought a scroll of enchant weapon for 75 gold pieces
  1885 | D        | Bought a scroll of enchant weapon for 75 gold pieces
  1894 | D        | Bought a pair of glowing gloves for 202 gold pieces
  1936 | D        | Bought a +3 ring of evasion for 210 gold pieces
  1945 | D        | Bought a potion of heal wounds for 70 gold pieces
  1967 | D        | Bought a scroll of identify for 20 gold pieces
  1993 | D        | Noticed a cacodemon
  1993 | D        | Noticed a bone dragon
  1993 | D        | Noticed a deep elf high priest
  1994 | D        | Noticed a storm dragon
  2020 | D        | Lost mutation: You are agile. (Dex +2) [a cacodemon]
  2021 | D        | Noticed a golden dragon
  2051 | D        | Gained mutation: You are weak. (Str -2) [a cacodemon]
  2068 | D        | HP: 3/110 [bone dragon (4)]
  2069 | D        | Demolished by a bone dragon

Skill      XL: |  1  2  3  4  5  6  7  8  9 10 11 |
---------------+----------------------------------+-----
Axes           | 11 14 16 18 | 18.4
Fighting       | 6 13 14 | 14.3
Shields        | 15 18 | 18.0
Dodging        | 7 12 | 12.5
Armour         | |  3.6

Action                   |  1- 3 |  4- 6 |  7- 9 | 10-12 || total
-------------------------+-------+-------+-------+-------++-------
Melee: War axe           |     7 |    18 |    91 |    86 ||   202
       Headbutt          |     2 |     5 |    14 |    24 ||    45
  Use: Potion            |     2 |     1 |     5 |    10 ||    18
       Scroll            |       |       |     7 |     7 ||    14
 Stab: Distracted        |       |       |       |     1 ||     1
  Eat: Ration            |       |       |     1 |       ||     1
Armor: Scale mail        |       |     5 |    14 |    17 ||    36
       Skin              |       |       |    58 |     1 ||    59
Dodge: Dodged            |     2 |     7 |    20 |    32 ||    61
Block: Shield            |     4 |    13 |    78 |    66 ||   161
